 Dungeon Crawl Stone Soup version 0.14-a0-102-g2341383 (console) character file.

1072 Kellhus the Conjurer (level 8, 35/40 HPs)
             Began as a Gargoyle Wizard on Oct 2, 2013.
             Quit the game on Level 5 of the Dungeon.
             The game lasted 00:08:40 (4490 turns).

Kellhus the Conjurer (Gargoyle Wizard)              Turns: 4490, Time: 00:08:40

HP  35/40        AC  9     Str 11      XL: 8   Next:  3%
MP   7/29        EV 11     Int 21      God:
Gold 205         SH  0     Dex  8      Spells:  3 memorised, 10 levels left

Res.Fire  : . . .   See Invis. : .   (no weapon)
Res.Cold  : . . .   Warding    : .   a - +0 robe
Life Prot.: + . .   Conserve   : .   (no shield)
Res.Poison: +       Res.Corr.  : .   b - +0 wizard hat
Res.Elec. : +       Clarity    : .   u - +0 cloak {MR+}
Sust.Abil.: . .     Spirit.Shd : .   y - +0 pair of gloves
Res.Mut.  : .       Stasis     : .   (no boots)
Res.Rott. : +       Flight     : .   o - amulet of the gourmand
Gourmand  : +                        t - ring of regeneration
                                     v - ring of magical power

@: very slightly contaminated, somewhat resistant to hostile enchantments,
unstealthy
A: fangs 1, talons 2, life protection 1, electricity resistance, slow metabolism
1, unbreathing, petrification resistance, AC +5
a: no special abilities


You were on level 5 of the Dungeon.
You were completely stuffed.

You visited 1 branch of the dungeon, and saw 5 of its levels.
You also visited: Sewer.

You collected 185 gold pieces.

Inventory:

Hand weapons
 H - a +1,+3 dagger of venom
Armour
 a - a +0 robe (worn)
 b - a +0 wizard hat (worn)
 u - a +0 cloak of magic resistance (worn)
 y - a +0 pair of gloves (worn)
Comestibles
 d - 3 bread rations
 h - a choko
 m - 7 grapes
 q - a banana
 w - 2 pears
 x - a meat ration
Scrolls
 j - 6 scrolls of identify {unknown}
 k - 2 scrolls of remove curse {unknown}
 p - a scroll of random uselessness {unknown}
 r - 3 scrolls of amnesia {unknown}
 z - a scroll of curse armour {unknown}
 B - 3 scrolls of curse weapon {unknown}
 F - 2 scrolls of teleportation {unknown}
 G - a scroll of fog {unknown}
 I - a scroll of fear {unknown}
Jewellery
 o - an amulet of the gourmand (around neck)
 s - an uncursed ring of sustain abilities {unknown}
 t - a ring of regeneration (right hand)
 v - a ring of magical power (left hand)
 C - an uncursed ring of wizardry {unknown}
Potions
 e - 3 potions of curing {unknown}
 f - 2 potions of slowing {unknown}
 g - 3 potions of heal wounds {unknown}
 i - a potion of agility {unknown}
 l - a potion of magic {unknown}
 n - a potion of paralysis {unknown}
 A - a potion of invisibility {unknown}
 D - 3 potions of brilliance {unknown}
 E - a potion of flight {unknown}
Books
 c - a book of Minor Magic

   Spells                             Type                      Level
   *Magic Dart                        Conjuration                  1
   Blink                              Translocation                2
   Call Imp                           Summoning                    2
   Repel Missiles                     Charms/Air                   2
   Slow                               Hexes                        2
   *Conjure Flame                     Conjuration/Fire             3
   *Mephitic Cloud                    Conjuration/Poison/Air       3


   Skills:
 - Level 1.5 Dodging
 - Level 2.1 Stealth
 - Level 5.0 Spellcasting
 + Level 8.3 Conjurations
   Level 0.8 Summonings
   Level 0.8 Translocations


You had 10 spell levels left.
You knew the following spells:

 Your Spells              Type           Power        Failure   Level  Hunger
a - Magic Dart            Conj           ####         1%          1    None
b - Conjure Flame         Conj/Fire      ###.....     10%         3    ##.....
c - Mephitic Cloud        Conj/Pois/Air  ###.....     12%         3    ##.....


Dungeon Overview and Level Annotations

Branches:
Dungeon (5/27)
 Temple: D:4-7

Altars:
Okawaru

Annotations:
D:2 Terence


Innate Abilities, Weirdness & Mutations

You are resistant to torment.
You are immune to poison.
Your stone body is very resilient (AC +5).
You have very sharp teeth.
You have razor-sharp toenails.
You resist negative energy.
You are resistant to electric shocks.
You have a slow metabolism.
You can survive without breathing.
You are immune to petrification.


Message History

The adder bites you.
Casting: Magic Dart
Confirm with . or Enter, or press ? or * to list all spells.
Aiming: Magic Dart
Press: ? - help, Shift-Dir - straight line, f/p - centaur
Aim: a centaur, wielding a bow (almost dead, bewildered and confused)
The magic dart hits the adder.
The adder is moderately wounded.
The adder closely misses you. The adder bites you.
Casting: Magic Dart
Confirm with . or Enter, or press ? or * to list all spells.
Aiming: Magic Dart
Press: ? - help, Shift-Dir - straight line, f/p - centaur
Aim: a centaur, wielding a bow (almost dead, bewildered and confused)
The magic dart hits the centaur.
You kill the centaur!
Your Conjurations skill increases to level 8!
You have reached level 8!
You feel stronger. The adder bites you but does no damage.
The jackal barely misses you.
Are you sure you want to abandon this character and quit the game? (Confirm with "yes".)

..... ......
....... ...)...
###.......
##.#..>.....
#####(......O...
##.##...hS..)...#
#.......@........
##.##............
###............
##...........
##............
#..............
##.#...........
##............
#.##............


You could see an ogre (confused), an adder and a jackal.

Vanquished Creatures
  A centaur (D:5)
  A phantom (D:4)
  3 big kobolds (Sewer)
  A giant frog (D:3)
  Crazy Yiuf (D:4)
  3 orc wizards (D:4)
  A worker ant (D:4)
  Ijyb (D:4)
  A hound zombie (D:5)
  4 green rats
  6 adders
  3 giant mites
  4 worms (Sewer)
  4 grey rats
  5 giant geckos
  4 oozes (Sewer)
  8 orcs
  10 bats
  2 giant cockroaches (D:1)
  5 hobgoblins
  11 kobolds
  3 quokkas
  7 ball pythons
  5 giant newts
  12 goblins
  7 jackals
  9 rats
122 creatures vanquished.

Notes
Turn   | Place    | Note
--------------------------------------------------------------
     0 | D:1      | Kellhus, the Gargoyle Wizard, began the quest for the Orb.
     0 | D:1      | Reached XP level 1. HP: 8/8 MP: 5/5
   423 | D:1      | Reached XP level 2. HP: 13/13 MP: 5/7
  1159 | D:2      | Reached XP level 3. HP: 17/17 MP: 0/9
  1785 | D:2      | Noticed Terence
  1785 | D:2      | Reached skill level 4 in Conjurations
  2005 | D:3      | Reached XP level 4. HP: 22/22 MP: 11/11
  2233 | D:3      | Noticed a giant frog
  2239 | D:3      | Killed a giant frog
  2239 | D:3      | Reached skill level 5 in Conjurations
  2239 | D:3      | Reached XP level 5. HP: 24/26 MP: 12/12
  2390 | D:3      | Found a glowing drain.
  2394 | D:3      | Reached skill level 6 in Conjurations
  2400 | Sewer    | Entered a sewer
  2452 | Sewer    | Learned a level 3 spell: Conjure Flame
  2456 | Sewer    | Learned a level 3 spell: Mephitic Cloud
  2559 | Sewer    | Reached XP level 6. HP: 29/31 MP: 12/14
  2761 | Sewer    | Reached skill level 7 in Conjurations
  2863 | Sewer    | Reached XP level 7. HP: 35/35 MP: 17/17
  3262 | D:3      | Found an iron altar of Okawaru.
  3458 | D:4      | Noticed Ijyb
  3468 | D:4      | Killed Ijyb
  3709 | D:4      | Reached skill level 5 in Spellcasting
  4363 | D:4      | Noticed Crazy Yiuf
  4371 | D:4      | Killed Crazy Yiuf
  4417 | D:5      | Entered Level 5 of the Dungeon
  4489 | D:5      | Reached skill level 8 in Conjurations
  4489 | D:5      | Reached XP level 8. HP: 34/40 MP: 7/20
  4490 | D:5      | Quit the game

Action                   |  1- 3 |  4- 6 |  7- 9 || total
-------------------------+-------+-------+-------++-------
Melee: Unarmed           |     5 |     2 |       ||     7
 Cast: Magic Dart        |    86 |   120 |   142 ||   348
       Mephitic Cloud    |       |       |     5 ||     5
